 Dungeon Crawl Stone Soup version 0.30-a0-743-gbfdf073431 (webtiles) character file.

Game seed: 17707321442448780675

54 BRD the Ducker (level 3, 0/28 HPs)
             Began as a Demonspawn Gladiator on Feb 8, 2023.
             Slain by Grinder (1 damage)
             ... on level 3 of the Dungeon.
             The game lasted 00:02:43 (1280 turns).

BRD the Ducker (Demonspawn Gladiator)               Turns: 1280, Time: 00:02:43

Health: 0/28       AC:  5    Str: 14    XL:     3   Next: 66%
Magic:  3/3        EV: 12    Int: 11    God:
Gold:   181        SH:  0    Dex: 14    Spells: 2/2 levels left

rFire   . . .      SeeInvis .    a - +0 war axe
rCold   . . .      Faith    .    (no shield)
rNeg    . . .      Spirit   .    b - +0 leather armour
rPois   .          Reflect  .    c - +0 helmet
rElec   .          Harm     .    (no cloak)
rCorr   .          Rampage  .    o - +0 pair of gloves
Will    +....                    (no boots)
Stlth   +                        q - amulet of the acrobat
HPRegen 0.24/turn                t - ring of willpower
MPRegen 0.08/turn                (no ring)

@: no status effects
A: foul stench 1, demonic magic 1
a: no special abilities


You were on level 3 of the Dungeon.
You visited 1 branch of the dungeon, and saw 3 of its levels.

You collected 181 gold pieces.

Inventory:

Hand Weapons
 a - a +0 war axe (weapon)
Missiles
 d - 3 throwing nets
 f - 5 atropa-tipped darts (quivered)
Armour
 b - a +0 leather armour (worn)
 c - a +0 helmet (worn)
 o - a +0 pair of gloves (worn)
Jewellery
 h - a ring of ice
 q - an amulet of the acrobat (around neck)
 t - a ring of willpower (left hand)
Scrolls
 i - 5 scrolls of identify {unknown}
 j - a scroll of silence {unknown}
 l - 2 scrolls of fog {unknown}
 m - 3 scrolls of teleportation {unknown}
 n - 2 scrolls of vulnerability {unknown}
 p - 2 scrolls of enchant armour {unknown}
 r - a scroll of magic mapping {unknown}
Potions
 e - 2 potions of attraction {unknown}
 g - 5 potions of curing {unknown}
 k - a potion of heal wounds {unknown}
 s - a potion of mutation {unknown}
 u - a potion of flight {unknown}


   Skills:
 + Level 2.7 Fighting
 + Level 3.2 Axes
 - Level 2.0 Throwing
 + Level 3.2 Dodging


You had 2 spell levels left.
You didn't know any spells.
Your spell library was empty.

Dungeon Overview and Level Annotations

Branches:
Dungeon (3/15)

Altars:
Makhleb

Annotations:
D:3 Grinder


Innate Abilities, Weirdness & Mutations

You may rarely emit foul miasma when damaged in melee.
Spells you cast may paralyse adjacent enemies.


Message History

Grinder comes into view.
Grinder shouts!
Grinder gestures at you. You resist with significant effort.
You hit Grinder.
Grinder is lightly wounded.
Grinder completely misses you.
You slash Grinder!
Grinder is moderately wounded.
Grinder hits you but does no damage.
You barely miss Grinder.
Grinder is moderately wounded.
Grinder gestures at you.
You easily resist.
Grinder hits you but does no damage.
You hit Grinder but do no damage.
Grinder is moderately wounded.
Grinder hits you.
You barely miss Grinder.
Grinder is moderately wounded.
Grinder hits you.
You writhe in agony.
You emit a cloud of foul miasma!
You slash Grinder!
Grinder is heavily wounded.
Grinder barely misses you.
You closely miss Grinder.
Grinder is heavily wounded.
Grinder blinks!
You hit Grinder.
Grinder is heavily wounded.
Grinder hits you but does no damage.
You barely miss Grinder.
Grinder is heavily wounded.
Grinder hits you.
You closely miss Grinder.
Grinder is heavily wounded.
Grinder hits you.
You writhe in agony.
* * * LOW HITPOINT WARNING * * *
Grinder hits you.
* * * LOW HITPOINT WARNING * * *
You writhe in agony.
You die...

#. .#
#.#####.#
.......
..... ... #
#.#
#####.##.##
......○@5.#
#.....#.#.#
#.### #.#<#
#.#.# #.#.#
#.#.# #.#.#
#.#.. ###


You could see Grinder.

Vanquished Creatures
  An adder (D:2)
  A worm (D:2)
  4 bats
  4 endoplasms
  4 giant cockroaches
  7 goblins
  3 hobgoblins
  2 quokkas (D:1)
  3 ball pythons (D:1)
  A frilled lizard (D:2)
  4 kobolds
  7 rats
41 creatures vanquished.

Vanquished Creatures (others)
  5 toadstools (D:1)
5 creatures vanquished.

Grand Total: 46 creatures vanquished

Notes
Turn   | Place    | Note
-------+----------+-------------------------------------------
     0 | D:1      | BRD the Demonspawn Gladiator began the quest for the Orb.
     0 | D:1      | Reached XP level 1. HP: 16/16 MP: 1/1
   136 | D:1      | Gained mutation: You may rarely emit foul miasma when
                  | damaged in melee. [demonic ancestry]
   136 | D:1      | Reached XP level 2. HP: 20/22 MP: 2/2
   257 | D:1      | Found a faded altar of an unknown god.
   498 | D:1      | Gained mutation: Spells you cast may paralyse adjacent
                  | enemies. [demonic ancestry]
   498 | D:1      | Reached XP level 3. HP: 26/28 MP: 3/3
   781 | D:2      | Found a burning altar of Makhleb.
  1268 | D:3      | Noticed Grinder
  1280 | D:3      | HP: 1/28 [Grinder (6)]
  1280 | D:3      | Slain by Grinder

Illustrated notes

Levels and vault maps discovered:
D:1:      ldierk_walled_garden, layout_loops_cross,
          shapermc_ecumenical_altar_starsandcircs,
          chequers_serial_rivers_micro_e
D:2:      layout_rooms, basic_altar, st_stairs_14, corexii_corridor_pit
D:3:      layout_loops_ring, uniq_natasha, uniq_ijyb, uniq_crazy_yiuf_cottage,
          uniq_grinder

Skill      XL: |  1  2 |
---------------+-------+-----
Throwing       | 2 |  2.0
Dodging        | 3 |  3.2
Axes           | 3 |  3.2
Fighting       | |  2.7

Action                     || total
---------------------------++-------
  Melee: War axe           ||   119
         Punch             ||     4
 Armour: Leather armour    ||    51
  Dodge: Dodged            ||    82

Table legend: (Time is in decaauts)
 A = Elapsed time spent in this place.
 B = Non-inter-level travel time spent in this place.
 C = Inter-level travel time spent in this place.
 D = Time resting spent in this place.
 E = Time spent auto-exploring this place.
 F = Levels seen in this place.
 G = Mean time per level.
                   A        B        C        D        E       F      G
               +--------+--------+--------+--------+--------+-----+--------+
         Total |   1325 |   1281 |     44 |      0 |    951 |   3 |  441.7 |
       Dungeon |   1325 |   1281 |     44 |      0 |    951 |   3 |  441.7 |
               +--------+--------+--------+--------+--------+-----+--------+

Top non-repeatable levels by time:
     D:1: 810 daAuts
     D:2: 498 daAuts
     D:3: 16 daAuts
